 Dungeon Crawl Stone Soup version 0.22-a0-430-g6609fc6 (webtiles) character file.

29 Gorglomux the Ducker (level 3, 19/19 HPs)
             Began as a Spriggan Berserker on May 27, 2018.
             Quit the game on level 1 of the Dungeon.
             The game lasted 00:01:25 (591 turns).

Gorglomux the Ducker (Spriggan Berserker)            Turns: 591, Time: 00:01:26

Health: 19/19      AC:  2    Str: 13    XL:     3   Next: 1%
Magic:  4/4        EV: 20    Int:  8    God:
Gold:   39         SH:  0    Dex: 16    Spells: 2/2 levels left

rFire    . . .     SeeInvis +   h - +1 dagger (freeze)
rCold    . . .     Gourm    .   (shield restricted)
rNeg     . . .     Faith    .   b - +0 animal skin
rPois    .         Spirit   .   (helmet restricted)
rElec    .         Reflect  +   (no cloak)
rCorr    .         Harm     .   (gloves unavailable)
MR       .....                  (boots unavailable)
Stlth    +.........             g - +2 amulet of reflection
HPRegen  0.06/turn              (no ring)
MPRegen  0.09/turn              (no ring)

@: confused, very quick
A: very small, unfitting armour, see invisible, herbivore, speed 3, slow
metabolism 2
a: no special abilities


You were on level 1 of the Dungeon.
You were not hungry.

You visited 1 branch of the dungeon, and saw 2 of its levels.

You collected 39 gold pieces.

Inventory:

Hand Weapons
 h - a +1 dagger of freezing (weapon)
 i - a +0 dagger of pain
Missiles
 d - 13 poisoned needles
 e - 46 stones (quivered)
Armour
 b - a +0 animal skin (worn)
Jewellery
 g - a +2 amulet of reflection (around neck)
Scrolls
 f - a scroll of amnesia {unknown}
Comestibles
 c - a ration


   Skills:
 - Level 2.4 Fighting
 - Level 3.2 Short Blades
 - Level 4.4 Dodging
 + Level 4.4 Stealth


You had 2 spell levels left.
You didn't know any spells.
Your spell library was empty.

Dungeon Overview and Level Annotations

Branches:
Dungeon (2/15)

Altars:
Trog
The Shining One

Annotations:
D:1 exclusion: 2 doors


Innate Abilities, Weirdness & Mutations

You are very small and have problems with some larger weapons.
You are too small for most types of armour.
You have supernaturally acute eyesight. (SInv)
You are a herbivore.
You cover ground extremely quickly.
You need to consume almost no food.


Message History

Found 23 arrows!
You spit the goblin like a pig! You freeze the goblin!
You annihilate the goblin!!!
You have reached level 3!!!
Your experience leads to an increase in your butts!!!
Increase (S)trength, (Butt)ntelligence, or (D)exterity?
You feel agile!
You see here a dagger of pain!
i - a dagger of pain
e - 46 stones (gained 17) Trog sends monsters to punish you!
The divine experience confuses you!!!
You are confused! 3 butt bears and a black butt come into view!
You're too confused!!!
You aren't carrying any potions!
You aren't carrying any potions!
You bump into the rock wall!
Okay, then!
Unknown command!
Are you sure you want to abandon this character and quit the game? (Confirm with "yes"!)

###############
#..............
#>.....>.......
#.......#######
#.......#..
#..†....#h#
###.......#h#
#....†#####@#
#.....#####.#
#.....'...hh##+##
#.....######....##
#.....##.........#
#.....##.(.......#
#.....##.........#
#####.##.........#
#.##.........#


You could see 3 polar bears and a black bear (berserk).

Vanquished Creatures
  A dart slug (D:1)
  3 leopard geckos
  4 bats
  A giant cockroach (D:1)
  2 goblins (D:1)
  2 hobgoblins
  2 jackals (D:1)
  2 kobolds (D:1)
  5 rats
22 creatures vanquished.

Notes
Turn   | Place    | Note
-------+----------+-------------------------------------------
     0 | D:1      | Gorglomux the Spriggan Berserker began the quest for the Orb.
     0 | D:1      | Reached XP level 1. HP: 11/11 MP: 2/2
     0 | D:1      | Fell from the grace of Trog
    27 | D:1      | Reached skill level 1 in Stealth
   187 | D:1      | Reached XP level 2. HP: 16/16 MP: 3/3
   188 | D:1      | Reached skill level 3 in Stealth
   292 | D:1      | Noticed a polar bear
   292 | D:1      | Noticed a polar bear
   292 | D:1      | Noticed a polar bear
   442 | D:2      | Found a glowing golden altar of the Shining One.
   443 | D:2      | Found a bloodstained altar of Trog.
   572 | D:1      | Reached XP level 3. HP: 19/19 MP: 4/4
   590 | D:1      | Noticed a polar bear
   590 | D:1      | Noticed a polar bear
   590 | D:1      | Noticed a black bear
   590 | D:1      | Noticed a polar bear
   591 | D:1      | Quit the game

Vault maps used:
D:1:      erik_arrival_triangle_medium
D:2:      gammafunk_temple_overflow_pools, minmay_tree_intersection,
          kennysheep_generic_room_15

Skill      XL: |  1  2 |
---------------+-------+-----
Stealth        | 2 4 |  4.4
Fighting       | |  2.4
Short Blades   | |  3.2
Dodging        | |  4.4

Action                   || total
-------------------------++-------
Melee: Short sword       ||    39
       Dagger            ||    16
Invok: Renounce Religion ||     1
 Stab: Sleeping          ||     6
Armor: Animal skin       ||     3
Dodge: Dodged            ||    40

Table legend:
 A = Spawn XP
 B = Non-spawn XP
 C = Spawn XP percentage of total XP
 D = Spawn monster count
 E = Non-spawn monster count
 F = Spawn count percentage of total count
 G = Total turns spent on level
                    A         B        C        D         E        F      G
               +---------+---------+-------+---------+---------+-------+---------
         Total |       0 |      42 |   0.0 |       0 |      22 |   0.0 |   591
               +---------+---------+-------+---------+---------+-------+---------
           D:1 |       0 |      34 |   0.0 |       0 |      17 |   0.0 |   479
           D:2 |       0 |       8 |   0.0 |       0 |       5 |   0.0 |   112
               +---------+---------+-------+---------+---------+-------+---------
